 Dungeon Crawl Stone Soup version 0.29.1-15-g9cfb28693d (console) character file.

Game seed: 3248965778279121603

332 om the Ducker (level 6, -1/43 HPs)
             Began as a Djinni Fire Elementalist on Feb 21, 2023.
             Was an Initiate of Ashenzari.
             Slain by a black bear (2 damage)
             ... on level 4 of the Dungeon.
             The game lasted 00:11:39 (3749 turns).

om the Ducker (Djinni Fire Elementalist)            Turns: 3749, Time: 00:11:40

Health: -1/43      AC:  2    Str:  7    XL:     6   Next: 82%
Gold:   158        EV: 13    Int: 17    God:    Ashenzari [......] SH:  0 Dex: 15

rFire   + + .      SeeInvis .   k - +1 dagger (speed)
rCold   x . .      Faith    .   (no shield)
rNeg    . . .      Spirit   .   a - +0 robe
rPois   ∞          Reflect  .   (no helmet)
rElec   .          Harm     .   (no cloak)
rCorr   .          Rampage  .   (no gloves)
Will    .....                   (boots unavailable)
Stlth   ++........              (no amulet)
HPRegen 0.14/turn               f - +4 ring of slaying
MPRegen 0.00/turn               (no ring)

@: about to teleport, flying
A: sickness immunity, fire resistance 2, cold vulnerability 1, float, innate
caster, HP casting, extra vitality 1
a: Renounce Religion


You were on level 4 of the Dungeon.
You worshipped Ashenzari.
Ashenzari was noncommittal.
You visited 1 branch of the dungeon, and saw 4 of its levels.

You collected 158 gold pieces.

Inventory:

Hand Weapons
 k - a +1 dagger of speed (weapon)
Armour
 a - a +0 robe (worn)
Jewellery
 f - a +4 ring of slaying (left hand)
Scrolls
 h - a scroll of noise {unknown}
 i - a scroll of blinking {unknown}
 m - 4 scrolls of fear {unknown}
Potions
 b - 2 potions of might
 c - a potion of curing {unknown}
 g - a potion of ambrosia {unknown}
 l - 2 potions of cancellation
 o - a potion of magic {unknown}
 p - a potion of lignification {unknown}


   Skills:
 + Level 2.2 Fighting
 - Level 4.0 Dodging
 - Level 3.0 Stealth
 + Level 3.9 Spellcasting


You couldn't memorise any spells.
You knew the following spells:

 Your Spells              Type           Power      Damage    Failure   Level
a - Foxfire               Conj/Fire      64%        2x1d7     3%          1
b - Scorch                Fire           32%        2d6       4%          2
c - Conjure Flame         Conj/Fire      16%        6-21      10%         3
d - Inner Flame           Hex/Fire       16%        N/A       10%         3
e - Flame Wave            Conj/Fire      16%        2d7       30%         4
f - Sandblast             Erth           32%        2d9       3%          1
g - Static Discharge      Conj/Air       16%        3-5/arc   4%          2
Your spell library was empty.

Dungeon Overview and Level Annotations

Branches:
Dungeon (4/15)
 Temple: D:4-7

Altars:
Ashenzari
Cheibriados


Innate Abilities, Weirdness & Mutations

You are immune to sickness and miasma.
You are immune to poison.
Your flesh is very heat resistant. (rF++)
You are vulnerable to cold. (rC-)
You float through the air rather than walking.
You learn spells naturally, not from books.
Your magical power is your life essence.
You have superior vitality. (+4 MHP)


Message History

Casting: Static Discharge (safe; 4% risk of failure)
Confirm with . or Enter, or press ? or * to list all spells.
The jackal is struck by an arc of lightning.
You kill the jackal!
The gnoll is struck by an arc of lightning.
The gnoll is moderately wounded.
The lightning grounds out.
The gnoll hits you from afar with a +0 spear.
Casting: Static Discharge (safe; 4% risk of failure)
Confirm with . or Enter, or press ? or * to list all spells.
The black bear is struck by an arc of lightning.
The black bear is moderately wounded.
You are struck by an arc of lightning.
The lightning grounds out.
The black bear bites you. The black bear barely misses you.
The black bear completely misses you.
A gnoll comes into view. It is wielding a +0 club.
Casting: Static Discharge (safe; 4% risk of failure)
Confirm with . or Enter, or press ? or * to list all spells.
The black bear is struck by an arc of lightning.
The black bear is heavily wounded.
You are struck by an arc of lightning.
The black bear is struck by an arc of lightning!
The black bear is severely wounded.
The lightning grounds out.
The gnoll shouts!
The black bear misses you. The black bear claws you. x2
As you read the scroll of teleportation, it crumbles to dust.
You feel strangely unstable. The black bear closely misses you.
The black bear claws you.
* * * LOW HITPOINT WARNING * * *
The black bear claws you.
* * * LOW HITPOINT WARNING * * *
A gnoll comes into view. It is wielding a +0 spear.
The black bear attacks as you move away!
The black bear bites you.
* * * LOW HITPOINT WARNING * * *
The black bear claws you.
* * * LOW HITPOINT WARNING * * *
The black bear claws you.
You die...

.........# #.# #..
##.....).# #.###########
###....## #.......†....
#....###################
###..........
##.######## #.# #.######
#...@..###.#
#####h.....# #†.#..###
#g## .... ... ..## g..g.
.# ###.#. # #.#. #.#.


You could see a black bear.

Vanquished Creatures
  2 hounds (D:3)
  Jessica (D:3)
  An iguana (D:4)
  Robin (D:2)
  5 gnolls
  5 adders
  A worm (D:2)
  6 dart slugs
  9 endoplasms
  2 giant cockroaches (D:2)
  15 goblins
  10 hobgoblins
  6 jackals
  5 quokkas
  7 ball pythons
  A bat (D:2)
  A frilled lizard (D:1)
  5 kobolds
  24 rats
107 creatures vanquished.

Vanquished Creatures (collateral kills)
  6 foxfires (D:3)
6 creatures vanquished.

Vanquished Creatures (others)
  161 foxfires
161 creatures vanquished.

Grand Total: 274 creatures vanquished

Notes
Turn   | Place    | Note
-------+----------+-------------------------------------------
     0 | D:1      | om the Djinni Fire Elementalist began the quest for the
                  | Orb.
     0 | D:1      | om set off with the following spells memorised: Foxfire,
                  | Scorch, Conjure Flame, Inner Flame, Flame Wave.
     0 | D:1      | Reached XP level 1. HP: 15/15 MP: 0/0
   186 | D:1      | Reached XP level 2. HP: 15/21 MP: 0/0
   761 | D:1      | Reached XP level 3. HP: 20/25 MP: 0/0
   761 | D:1      | Learned a level 1 spell: Sandblast
   889 | D:2      | Noticed Robin
   900 | D:2      | Killed Robin
   901 | D:2      | Reached skill level 3 in Dodging
  1388 | D:2      | Reached XP level 4. HP: 25/31 MP: 0/0
  1704 | D:2      | Reached XP level 5. HP: 31/35 MP: 0/0
  1704 | D:2      | Learned a level 2 spell: Static Discharge
  2247 | D:3      | Noticed Jessica
  2248 | D:3      | Killed Jessica
  2467 | D:3      | Found a snail-covered altar of Cheibriados.
  2520 | D:3      | Reached skill level 4 in Dodging
  2662 | D:3      | Reached XP level 6. HP: 28/41 MP: 0/0
  2668 | D:3      | Reached skill level 1 in Fighting
  2932 | D:3      | Found a broken altar of Ashenzari.
  3005 | D:3      | Became a worshipper of Ashenzari the Shackled
  3742 | D:4      | Noticed a black bear
  3749 | D:4      | HP: 2/43 [black bear (4)]
  3749 | D:4      | Slain by a black bear

Illustrated notes

Levels and vault maps discovered:
D:1:      lightli_iron_boxes, layout_basic
D:2:      layout_rooms, chequers_serial_rivers_room_a, minmay_fractal_squares_5,
          uniq_robin
D:3:      layout_basic, kiku_gazebo_garden_becter, cheibriados_altar_1,
          nicolae_ashenzari_skybound, cheibrodos_gnoll_hut, uniq_jessica
D:4:      layout_loops_ring, okawaru_altar_gauntlet_db, minmay_rat_hole

Skill      XL: |  1  2  3  4  5  6 |
---------------+-------------------+-----
Stealth        | 2 3 |  3.0
Dodging        | 3 4 |  4.0
Spellcasting   | 3 |  3.9
Fighting       | 2 |  2.2

Action                   |  1- 3 |  4- 6 || total
-------------------------+-------+-------++-------
Melee: Dagger            |     4 |    62 ||    66
 Cast: Foxfire           |    39 |    61 ||   100
       Scorch            |     6 |    11 ||    17
       Conjure Flame     |       |     1 ||     1
       Static Discharge  |       |     9 ||     9
  Use: Scroll            |       |     8 ||     8
 Stab: Sleeping          |     1 |     6 ||     7
Armor: Robe              |     1 |    11 ||    12
Dodge: Dodged            |    13 |    55 ||    68
